 Dungeon Crawl Stone Soup version 0.28.0-49-g6dfe1f597d (webtiles) character file.

Game seed: 4972721446651485157

108 Peloso the Covered (level 4, -10/40 HPs)
             Began as a Minotaur Fighter on May 17, 2022.
             Mangled by an ogre
             ... wielding a +0 giant club
              (15 damage)
             ... on level 4 of the Dungeon.
             The game lasted 00:02:59 (1938 turns).

Peloso the Covered (Minotaur Fighter)               Turns: 1938, Time: 00:03:00

Health: -10/40     AC:  8    Str: 21    XL:     4   Next: 58%
Magic:  3/3        EV:  6    Int:  5    God:
Gold:   77         SH: 14    Dex: 11    Spells: 3/3 levels left

rFire   . . .      SeeInvis .   a - +0 long sword
rCold   . . .      Faith    .   c - +2 tower shield
rNeg    . . .      Spirit   .   b - +0 scale mail
rPois   .          Reflect  .   (helmet restricted)
rElec   .          Harm     .   (no cloak)
rCorr   .          Rampage  .   (no gloves)
Will    .....                   e - +0 pair of boots
Stlth   ..........              (no amulet)
HPRegen 0.13/turn               (no ring)
MPRegen 0.08/turn               (no ring)

@: no status effects
A: horns 2, retaliatory headbutt
a: no special abilities


You were on level 4 of the Dungeon.
You visited 1 branch of the dungeon, and saw 4 of its levels.

You collected 77 gold pieces.

Inventory:

Hand Weapons
 a - a +0 long sword (weapon)
Armour
 b - a +0 scale mail (worn)
 c - a +2 tower shield (worn)
 e - a +0 pair of boots (worn)
Jewellery
 f - a ring of fire
 g - an amulet of faith
Scrolls
 j - a scroll of teleportation {unknown}
 l - 3 scrolls of identify {unknown}
Potions
 d - 2 potions of might
 h - a potion of heal wounds {unknown}
 i - 2 potions of haste {unknown}
 k - a potion of mutation {unknown}


   Skills:
 + Level 4.2 Fighting
 + Level 4.2 Long Blades
 + Level 4.5 Armour
 + Level 0.2 Dodging
 + Level 4.1 Shields


You had 3 spell levels left.
You didn't know any spells.
Your spell library contained the following spells:

 Spells                   Type           Power      Damage    Failure   Level
 Summon Guardian Golem    Hex/Summ       0%         N/A       100%        3
 Orb of Destruction       Conj           0%         9d5       100%        7
 Spellforged Servitor     Conj/Summ      0%         N/A       100%        7


Dungeon Overview and Level Annotations

Branches:
Dungeon (4/15)
 Temple: D:4-7

Altars:


Innate Abilities, Weirdness & Mutations

You have a pair of horns on your head.
You reflexively headbutt those who attack you in melee.


Message History

You hit the goblin.
You kill the goblin!
The orc hits you with a +0 hand axe. You block the orc's attack.
You slash the orc!
You kill the orc!
The ogre shouts!
Things that are here:
a +0 hand axe; an orc corpse; a ball python corpse A scorpion comes into view.
You aren't carrying any items that you can evoke.
Things that are here:
a +0 club; a goblin corpse A centaur skeleton comes into view.
You block the ogre's attack.
The centaur skeleton hits you but does no damage.
The centaur skeleton kicks you but does no damage.
You hit the ogre. You headbutt the ogre.
The ogre is moderately wounded.
You block the centaur skeleton's attack.
The centaur skeleton barely misses you. You block the ogre's attack.
You block the centaur skeleton's attack.
The centaur skeleton kicks you but does no damage.
A giant cockroach comes into view.
You slash the ogre!
The ogre is heavily wounded.
You block the centaur skeleton's attack. x2
The ogre hits you with a +0 giant club!
The centaur skeleton hits you but does no damage.
The centaur skeleton barely misses you.
Unknown command.
You hit the ogre.
The ogre is severely wounded.
The centaur skeleton hits you but does no damage.
The centaur skeleton closely misses you.
The ogre hits you with a +0 giant club!!
Ouch! That really hurt!
* * * LOW HITPOINT WARNING * * *
You block the centaur skeleton's attack. x2
The ogre hits you with a +0 giant club!
You die...

#....#...
#......
#....#
#....#
##...#
##.)B#
#....#
##.ZO#
##..@#
#....#
######>..#
##...##...#
#.........#
##.........#
.......<...#
########...#
#.......


You could see an ogre, a giant cockroach and a centaur skeleton.

Vanquished Creatures
  4 adders
  An adder skeleton (D:4)
  3 dart slugs
  2 orcs
  7 ball pythons
  6 endoplasms
  A giant cockroach (D:2)
  5 goblins
  2 hobgoblins
  4 jackals (D:2)
  4 quokkas
  5 bats
  6 frilled lizards
  5 kobolds
  2 rats
57 creatures vanquished.

Notes
Turn   | Place    | Note
-------+----------+-------------------------------------------
     0 | D:1      | Peloso the Minotaur Fighter began the quest for the Orb.
     0 | D:1      | Reached XP level 1. HP: 19/19 MP: 0/0
   230 | D:1      | Reached XP level 2. HP: 21/27 MP: 1/1
   835 | D:2      | Reached XP level 3. HP: 33/33 MP: 2/2
  1280 | D:2      | Reached XP level 4. HP: 40/40 MP: 3/3
  1716 | D:3      | Identified the +1 ring mail of the Moon {rElec Str-4 Int+4}
  1916 | D:4      | Noticed an ogre
  1928 | D:4      | Noticed a scorpion
  1938 | D:4      | Mangled by an ogre

Illustrated notes

Levels and vault maps discovered:
D:1:      lightli_iron_boxes, layout_rooms, minmay_curled_crystal, st_stairs_13,
          hex_large
D:2:      layout_basic
D:3:      layout_loops_ring, gammafunk_temple_overflow_pools,
          nicolae_ecumenical_lake_church, minmay_divided_ellipse
D:4:      layout_gridville, marbit_many_paths, serial_shops, kennysheep_mini,
          grunt_decor_junction, minmay_bent, uniq_eustachio

Skill      XL: |  1  2  3  4 |
---------------+-------------+-----
Armour         | 4 |  4.5
Long Blades    | 3 4 |  4.2
Fighting       | 4 |  4.2
Shields        | 4 |  4.1
Dodging        | |  0.2

Action                   |  1- 3 |  4- 6 || total
-------------------------+-------+-------++-------
Melee: Long sword        |    80 |    39 ||   119
       Headbutt          |     6 |     5 ||    11
  Use: Potion            |     2 |       ||     2
       Scroll            |       |     2 ||     2
Armor: Scale mail        |    37 |    21 ||    58
Dodge: Dodged            |    32 |     8 ||    40
Block: Buckler           |    19 |       ||    19
       Tower shield      |    13 |    36 ||    49
